 Dungeon Crawl Stone Soup version 0.31-a0-188-g5e087ee2ca (webtiles) character file.

Game seed: 16566762989639452887

363 qw the Skirmisher (level 6, 0/35 HPs)
             Began as a Deep Elf Hunter on June 23, 2023.
             Succumbed to a scorpion's poison
             ... on level 4 of the Dungeon.
             The game lasted 00:00:57 (2449 turns).

qw the Skirmisher (Deep Elf Hunter)                 Turns: 2449, Time: 00:00:57

Health: 0/35       AC:  7    Str: 10    XL:     6   Next: 39%
Magic:  8/8        EV:  9    Int: 14    God:
Gold:   148        SH:  0    Dex: 18    Spells: 5/5 levels left

rFire   + . .        Y - +0 shortbow
rCold   . . .        (shield currently unavailable)
rNeg    + . .        n - +0 scale mail {rN+}
rPois   .            (no helmet)
rElec   .            (no cloak)
rCorr   .            (no gloves)
SInv    .            l - +0 pair of boots
Will    .....        (no amulet)
Stlth   +            e - ring of protection from fire
HPRegen 0.25/turn    (no ring)
MPRegen 0.11/turn

%: no passive effects
@: lethally poisoned (0 -> -13)
A: no striking features
a: no special abilities


You were on level 4 of the Dungeon.
You visited 1 branch of the dungeon, and saw 4 of its levels.

You collected 148 gold pieces.


   Skills:
 - Level 2.2 Fighting
 + Level 9.5 Ranged Weapons
 - Level 1.2 Armour
 - Level 2.4 Dodging
 - Level 1.2 Stealth


You had 5 spell levels left.
You didn't know any spells.
Your spell library was empty.

Inventory:

Hand Weapons
 Y - a +0 shortbow (weapon)
Armour
 l - a +0 pair of boots (worn)
 n - a +0 scale mail of positive energy (worn)
Jewellery
 c - a ring of see invisible
 e - a ring of protection from fire (left hand)
 f - a ring of see invisible
Scrolls
 a - a scroll of identify
 d - a scroll of torment {unknown}
Potions
 b - a potion of haste {unknown}
 h - a potion of curing {unknown}
 k - a potion of enlightenment
 m - 2 potions of attraction {unknown}

Dungeon Overview and Level Annotations

Branches:
Dungeon (4/15)
 Temple: D:4-7

Altars:
Ashenzari


Message History

The scorpion stings you. The scorpion barely misses you.
You shoot an arrow. The arrow closely misses the scorpion.
The scorpion stings you.
You shoot an arrow. The arrow barely misses the scorpion.
The scorpion stings you but does no damage.
The scorpion closely misses you.
You shoot an arrow.
The arrow hits the scorpion but does no damage.
The scorpion is heavily wounded.
The scorpion stings you.
You are poisoned.
The scorpion poisons you!
You shoot an arrow.
The arrow hits the scorpion but does no damage.
The scorpion is heavily wounded.
You feel very sick. The scorpion barely misses you. x2
You shoot an arrow. The arrow closely misses the scorpion.
You feel very sick.
The scorpion stings you but does no damage.
You shoot an arrow. The arrow hits the scorpion.
The scorpion is severely wounded.
You feel sick. The scorpion stings you.
You are more poisoned.
The scorpion poisons you!
The scorpion stings you but does no damage.
You shoot an arrow. The arrow hits the scorpion.
The scorpion is almost dead.
You feel very sick. The scorpion stings you.
You are lethally poisoned!
The scorpion poisons you!
You shoot an arrow. The arrow hits the scorpion!
You kill the scorpion!
You feel very sick.
Your Fighting skill increases to level 2!
There is a lethal amount of poison in your body!
You feel very sick.
There is a lethal amount of poison in your body!
You die...

..# ..# .. .. .#
.# ###<# #.@.#
#.### #.# ######
#.# .....# ##.#
.....# #####..#
.....#####.....##
.<..........####
............#


There were no monsters in sight!

Vanquished Creatures
  An ogre (D:4)
  A scorpion (D:4)
  A hound (D:4)
  Natasha (twice) (D:4)
  Terence (D:3)
  4 adders
  An ufetubus (D:4)
  2 worms
  3 dart slugs
  An orc (D:4)
  3 bats
  6 endoplasms
  5 giant cockroaches
  3 goblins
  8 hobgoblins
  4 jackals
  5 kobolds
  A quokka (D:2)
  4 ball pythons
  2 frilled lizards (D:1)
  4 rats
  A spectral goblin (D:1)
63 creatures vanquished.

Notes
Turn   | Place    | Note
-------+----------+-------------------------------------------
     0 | D:1      | qw the Deep Elf Hunter began the quest for the Orb.
     0 | D:1      | Reached XP level 1. HP: 12/12 MP: 3/3
     0 | D:1      | 0 ||| qw: Version: 0.3-a-9-g12657ce
     0 | D:1      | 0 ||| qw: Game counter: 3239
     0 | D:1      | 0 ||| qw: Always use a shield: true
     0 | D:1      | 0 ||| qw: God list: Okawaru
     0 | D:1      | 0 ||| qw: Allow faded altars: false
     0 | D:1      | 0 ||| qw: Do Orc after D:15 true
     0 | D:1      | 0 ||| qw: Do second Lair branch before Depths: true
     0 | D:1      | 0 ||| qw: Lair rune preference: random
     0 | D:1      | 0 ||| qw: Plans: Normal
     0 | D:1      | 0 ||| PLANNING D:1-11
   267 | D:1      | Reached skill level 6 in Ranged Weapons
   267 | D:1      | Reached XP level 2. HP: 16/16 MP: 4/4
   372 | D:1      | Found a faded altar of an unknown god.
   715 | D:1      | 715 ||| UPGRADING to ring of protection from fire.
   716 | D:1      | 716 ||| READING scroll labelled OFFAUJ EVVA.
   717 | D:1      | 717 ||| READING scroll labelled JOT NITEUGG.
   718 | D:1      | 718 ||| READING scroll labelled BUTIATOGRA.
   819 | D:1      | 819 ||| READING scroll labelled EGHE BEAPROTS.
   820 | D:1      | 820 ||| DRINKING 2 green potions.
   838 | D:1      | 838 ||| DRINKING 2 emerald potions.
   839 | D:1      | 839 ||| DROPPING scroll of butterflies.
   840 | D:1      | 840 ||| DROPPING potion of lignification.
   930 | D:2      | Reached XP level 3. HP: 20/20 MP: 5/5
   955 | D:2      | Reached skill level 7 in Ranged Weapons
  1479 | D:2      | 1479 ||| READING scroll labelled HOOFRU ESEAHOU.
  1480 | D:2      | 1480 ||| READING 2 scrolls of identify.
  1480 | D:2      | 1480 ||| IDENTIFYING smoky yellow potion
  1604 | D:3      | Reached XP level 4. HP: 25/25 MP: 6/6
  1654 | D:3      | Found a broken altar of Ashenzari.
  1926 | D:3      | Noticed Terence
  1930 | D:3      | Killed Terence
  2065 | D:3      | 2065 ||| UPGRADING to +0 pair of boots.
  2070 | D:3      | 2070 ||| UPGRADING to +0 scale mail of positive energy.
  2080 | D:3      | 2080 ||| DROPPING +0 leather armour.
  2081 | D:3      | 2081 ||| READING scroll labelled FUMUCSYCUY.
  2082 | D:3      | 2082 ||| READING scroll labelled FAEGAXT MECI.
  2083 | D:3      | 2083 ||| READING 2 scrolls labelled JUMYISCH EBINAO.
  2088 | D:3      | 2088 ||| READING scroll labelled ZOZOTRYTYD.
  2089 | D:3      | 2089 ||| READING 2 scrolls of identify.
  2089 | D:3      | 2089 ||| IDENTIFYING sapphire potion
  2090 | D:3      | 2090 ||| DROPPING potion of degeneration.
  2112 | D:4      | 2112 ||| STAIRDANCE
  2116 | D:3      | Reached skill level 8 in Ranged Weapons
  2171 | D:4      | 2171 ||| FLEEEEING.
  2172 | D:4      | 2172 ||| FLEEEEING.
  2235 | D:4      | Reached XP level 5. HP: 20/29 MP: 7/7
  2239 | D:4      | HP: 5/29 [worm (3)]
  2240 | D:4      | 2240 ||| READING scroll of teleportation.
  2241 | D:4      | 2241 ||| DRINKING potion of heal wounds.
  2266 | D:4      | Noticed an ogre
  2277 | D:4      | Killed an ogre
  2278 | D:4      | Reached skill level 9 in Ranged Weapons
  2293 | D:4      | Noticed Natasha
  2304 | D:4      | Killed Natasha
  2305 | D:4      | Reached XP level 6. HP: 15/34 MP: 8/8
  2354 | D:4      | Noticed Natasha
  2359 | D:4      | Killed Natasha
  2360 | D:4      | Reached skill level 1 in Armour
  2447 | D:4      | HP: 8/34 [poisoned by a scorpion]
  2449 | D:4      | Succumbed to a scorpion's poison

Levels and vault maps discovered:
D:1:      dpeg_arrival_round_b, layout_loops_ring,
          dreamdust_ecumenical_altar_drowned_temple, minivault_27
D:2:      layout_loops_cross
D:3:      layout_loops_ring, ashenzari_altar_1, uniq_terence
D:4:      layout_basic, uniq_blork_the_orc, uniq_natasha

Skill      XL: |  1  2  3  4  5  6 |
---------------+-------------------+-----
Ranged Weapons | 6 7 8 9 |  9.5
Armour         | 1 |  1.2
Fighting       | 2 |  2.2
Dodging        | |  2.4
Stealth        | |  1.2

Action                     |  1- 3 |  4- 6 || total
---------------------------+-------+-------++-------
   Fire: Shortbow          |   101 |   119 ||   220
    Use: Scroll            |     6 |     6 ||    12
         Potion            |     2 |     1 ||     3
 Armour: Leather armour    |     7 |       ||     7
         Scale mail        |       |    55 ||    55
  Dodge: Dodged            |    21 |    81 ||   102

Table legend:
 A = Non-vault XP
 B = Vault XP
 C = Vault XP percentage of total XP
 D = Non-vault monster count
 E = Vault monster count
 F = Vault count percentage of total count
                 A         B        C        D         E       F
            +---------+---------+-------+---------+---------+-------
      Total |     446 |      73 |  14.1 |      60 |       3 |   4.8
            +---------+---------+-------+---------+---------+-------
        D:1 |      26 |       1 |   3.7 |      15 |       1 |   6.2
        D:2 |      62 |       0 |   0.0 |      18 |       0 |   0.0
        D:3 |      47 |      36 |  43.4 |      13 |       1 |   7.1
        D:4 |     311 |      36 |  10.4 |      14 |       1 |   6.7
            +---------+---------+-------+---------+---------+-------
